AoeStats
← DLionK

Arabian Desert

510415407Analyzed
1v1 RM · 3d ago on Sep 30, 2026· 52m 20s· 2 players
Game mode
Random Map
Map size
Tiny (2 player)
Population
200
Speed
Normal
Resources
Standard
Victory
Conquest
Starting age
Dark Age
Ending age
Imperial Age
RankedLock teamsTeams togetherTeam positionsShared explorationLock speedFull tech treeHidden civsTurbo modeCheats
Victory
Defeat
🇧🇷 Maya · Brazil
953
+18
🇨🇱 Britons · Chile
988
-18
DLionK
7:18 Loom
10:12 Feudal Age
13:35 Double-Bit Axe
18:11 Castle Age
16:44 Gold Mining
17:24 Stone Mining
19:39 Fletching
19:50 Crossbowman
23:18 Padded Archer Armor
25:44 Ballistics
28:59 Wheelbarrow
28:10 Town Watch
28:23 Bodkin Arrow
28:34 Scale Barding Armor
35:02 Imperial Age
33:17 Bow Saw
34:31 Hand Cart
35:05 Leather Archer Armor
35:10 Chain Barding Armor
39:59 Elite Longbowman
40:36 Horse Collar
40:35 Cavalier
42:41 Yeomen
43:47 Gold Shaft Mining
43:43 Forging
46:10 Bracer
46:47 Plate Barding Armor
47:19 Ring Archer Armor
Dom Pedro III
0:42 Loom
11:56 Feudal Age
12:21 Horse Collar
12:30 Double-Bit Axe
20:28 Castle Age
18:41 Padded Archer Armor
18:50 Padded Archer Armor
21:55 Squires
21:16 Pikeman
23:33 Elite Skirmisher
29:04 Fletching
29:40 Leather Archer Armor
34:43 Wheelbarrow
34:40 Scale Mail Armor
34:43 Bodkin Arrow
34:48 Gold Mining
35:58 Arson
40:22 Chain Mail Armor
40:55 Thumb Ring
45:17 Imperial Age
43:39 Hul'che Javelineers
46:47 Conscription
47:35 Ring Archer Armor
47:33 Halberdier
49:51 Eagle Warrior
Connection lost

Rejoining the realm…

Still unreachable

The connection could not be restored.

Session expired

The server has moved on; the page needs a fresh start.